 Dungeon Crawl Stone Soup version 0.31.0-32-g396128a36d (webtiles) character file.

Game seed: 16271493559057286616

336 Curundu the Chopper (level 6, -4/56 HPs)
             Began as a Minotaur Berserker on Mar 16, 2024.
             Was a Priest of Trog.
             Splashed by a jelly's acid (8 damage)
             ... on level 4 of the Dungeon.
             The game lasted 00:06:14 (2303 turns).

Curundu the Chopper (Minotaur Berserker)            Turns: 2303, Time: 00:06:17

Health: -4/56      AC: -7    Str: 23    XL:     6   Next: 28%
Magic:  5/5        EV: 12    Int:  4    God:    Trog [***...]
Gold:   131        SH:  0    Dex: 10    Spells: 5/5 levels left

rFire   . . .        a - +0 hand axe
rCold   . . .        (no shield)
rNeg    . . .        b - +0 animal skin
rPois   +            (helmet restricted)
rElec   .            (no cloak)
rCorr   .            f - +1 pair of gloves
SInv    .            (no boots)
Will    .....        (no amulet)
Stlth   +            h - ring of poison resistance
HPRegen 0.29/turn    (no ring)
MPRegen 0.09/turn

%: no passive effects
@: corroded
A: horns 2, retaliatory headbutt
a: Renounce Religion, Berserk, Trog's Hand


You were on level 4 of the Dungeon.
You worshipped Trog.
Trog was most pleased with you.
You visited 1 branch of the dungeon, and saw 4 of its levels.

You collected 131 gold pieces.

Inventory:

Hand Weapons
 a - a +0 hand axe (weapon)
Armour
 b - a +0 animal skin (worn)
 f - a +1 pair of gloves (worn)
Jewellery
 h - a ring of poison resistance (left hand)
 q - an amulet of reflection
Scrolls
 e - 3 scrolls of identify {unknown}
 i - 2 scrolls of teleportation {unknown}
 j - a scroll of fog {unknown}
 l - a scroll of enchant weapon {unknown}
 n - a scroll of blinking {unknown}
 r - a scroll of amnesia {unknown}
 s - a scroll of enchant armour {unknown}
Potions
 c - a potion of enlightenment {unknown}
 d - a potion of haste {unknown}
 g - 2 potions of might {unknown}
 k - a potion of magic {unknown}
 m - a potion of resistance {unknown}
 o - 2 potions of ambrosia {unknown}
 p - a potion of curing {unknown}


   Skills:
 + Level 5.1 Fighting
 + Level 6.7 Axes
 + Level 2.6 Armour
 + Level 3.6 Dodging
 + Level 0.5 Stealth


You had 5 spell levels left.
You didn't know any spells.
Your spell library was empty.

Dungeon Overview and Level Annotations

Branches:
Dungeon (4/15)
 Temple: D:4-7

Altars:
Ashenzari
Dithmenos
Gozag
Qazlal
Vehumet
Wu Jian
Yredelemnul
Zin


Innate Abilities, Weirdness & Mutations

You have a pair of horns on your head.
You reflexively headbutt those who attack you in melee.


Message History

You closely miss the adder. The adder completely misses you.
The iguana closely misses you.
Unknown command.
You closely miss the iguana.
The iguana is almost dead.
You hit the adder but do no damage. The adder closely misses you.
You furiously retaliate!
You headbutt the adder!
You kill the adder!
Trog accepts your kill. The iguana bites you!
You hit the iguana.
You kill the iguana!
Trog accepts your kill.
You see here an iguana corpse.
A jelly comes into view.
The jelly quivers.
The jelly barely misses you.
Things that are here:
a +0 dagger; an orc corpse You hit the jelly.
Your hands burn!
The jelly is lightly wounded.
The jelly hits you but does no damage.
You hit the jelly. The acid corrodes you!
Your hands burn!
The jelly is moderately wounded.
The jelly hits you. The acid corrodes you!
You are splashed with acid!
You hit the jelly but do no damage.
Your hands burn!
You headbutt the jelly.
The jelly is heavily wounded.
The jelly hits you.
You are splashed with acid!
* * * LOW HITPOINT WARNING * * *
You hit the jelly. The acid corrodes you!
Your hands burn!
* * * LOW HITPOINT WARNING * * *
The jelly is severely wounded.
The jelly closely misses you. You furiously retaliate!
You headbutt the jelly. You hit the jelly. The acid corrodes you!
Your hands burn!
* * * LOW HITPOINT WARNING * * *
The jelly is almost dead.
The jelly hits you.
* * * LOW HITPOINT WARNING * * *
You are splashed with acid!
You die...

#.............## #.
#..........##..# #.
#......!...###.# ##.
#<.........# #.#
##.. #..........#
#.###...
#........####.##..#.
##......## #.....#..
#.....##....#.###..
##.@J.###.####..##.#
##......#..# ##.....
##.........# ####.#
#..........# #.#
#....†.....# .#
#..........#
#..........#
#..........#
##........##


You could see a jelly.

Vanquished Creatures
  The ghost of smokerry the Trooper, a weakling OnCA of Ignis (D:3)
  A hound (D:4)
  3 jellies
  An iguana (D:4)
  6 adders
  3 dart slugs
  A ribbon worm (D:2)
  2 orcs
  4 ball pythons
  14 endoplasms
  3 giant cockroaches
  4 goblins
  2 hobgoblins
  6 jackals
  10 kobolds
  4 quokkas
  A bat (D:2)
  A frilled lizard (D:2)
  7 rats
74 creatures vanquished.

Notes
Turn   | Place    | Note
-------+----------+-------------------------------------------
     0 | D:1      | Curundu the Minotaur Berserker began the quest for the Orb.
     0 | D:1      | Reached XP level 1. HP: 19/19 MP: 0/0
   102 | D:1      | Reached skill level 4 in Axes
   102 | D:1      | Reached XP level 2. HP: 26/27 MP: 1/1
   113 | D:1      | Found a faded altar of an unknown god.
   492 | D:2      | Reached ** piety under Trog
   498 | D:2      | Reached XP level 3. HP: 11/33 MP: 2/2
   654 | D:2      | Found an ornate altar of the Wu Jian Council.
  1231 | D:3      | Found a shadowy altar of Dithmenos.
  1231 | D:3      | Found an opulent altar of Gozag.
  1231 | D:3      | Found a basalt altar of Yredelemnul.
  1231 | D:3      | Found a glowing silver altar of Zin.
  1231 | D:3      | Found a stormy altar of Qazlal.
  1231 | D:3      | Found a radiant altar of Vehumet.
  1240 | D:3      | Reached skill level 5 in Axes
  1240 | D:3      | Reached XP level 4. HP: 8/41 MP: 3/3
  1414 | D:3      | Reached XP level 5. HP: 46/47 MP: 4/4
  1460 | D:3      | Found a glowing silver altar of Zin.
  1571 | D:3      | Found a large runed translucent door.
  1571 | D:3      | Found a large runed translucent door.
  1574 | D:3      | Noticed smokerry's ghost (weakling OnCA)
  1588 | D:3      | Killed smokerry's ghost
  1589 | D:3      | Reached skill level 6 in Axes
  1773 | D:3      | Found a broken altar of Ashenzari.
  2249 | D:4      | Reached skill level 5 in Fighting
  2251 | D:4      | Reached XP level 6. HP: 42/56 MP: 5/5
  2262 | D:4      | Reached *** piety under Trog
  2303 | D:4      | Splashed by a jelly's acid

Illustrated notes

Levels and vault maps discovered:
D:1:      roderic_chinese_lattice_arrival, layout_rooms, basic_ecumenical_altar
D:2:      layout_rooms, serial_forest, infiniplex_forest_straight_3,
          infiniplex_forest_zigzag_1, infiniplex_forest_clump_small,
          infiniplex_forest_lined_2, basic_altar
D:3:      cheibrodos_fertilizer, layout_loops_cross,
          nicolae_ashenzari_panopticon, mainiacjoe_overflow_six_doors_small,
          ebering_ghost_disaster_area
D:4:      layout_rooms, bloody_makhleb, hex_intersection, kennysheep_flooded_box

Skill      XL: |  1  2  3  4  5 |
---------------+----------------+-----
Axes           | 4 5 6 |  6.7
Fighting       | 4 5 |  5.1
Dodging        | 3 |  3.6
Armour         | |  2.6
Stealth        | |  0.5

Action                     |  1- 3 |  4- 6 || total
---------------------------+-------+-------++-------
  Melee: Hand axe          |    80 |    68 ||   148
         Headbutt          |     8 |    13 ||    21
         Punch             |     2 |       ||     2
 Invoke: Berserk           |     1 |     1 ||     2
         Trog's Hand       |       |     1 ||     1
 Armour: Animal skin       |    62 |    47 ||   109
  Dodge: Dodged            |    86 |    41 ||   127
